 Dungeon Crawl Stone Soup version 0.26.1-10-gdfb7c7de75 (webtiles) character file.

Game seed: 17526716828682909303

46 phalm the Vexing (level 3, 0/20 HPs)
             Began as a Deep Elf Arcane Marksman on Apr 3, 2021.
             Slain by an orc
             ... wielding a +0 hand axe
              (6 damage)
             ... on level 2 of the Dungeon.
             The game lasted 00:04:42 (2233 turns).

phalm the Vexing (Deep Elf Arcane Marksman)         Turns: 2233, Time: 00:04:43

Health: 0/20       AC:  3    Str:  7    XL:     3   Next: 46%
Magic:  7/7        EV: 12    Int: 17    God:
Gold:   80         SH:  0    Dex: 16    Spells: 2/5 levels left

rFire    . . .     SeeInvis .   a - +0 short sword
rCold    . . .     Faith    .   (no shield)
rNeg     . . .     Spirit   .   c - +0 leather armour
rPois    .         Reflect  .   (no helmet)
rElec    .         Harm     .   (no cloak)
rCorr    .         Rampage  .   (no gloves)
Will     .....                  (no boots)
Stlth    +.........             (no amulet)
HPRegen  0.06/turn              (no ring)
MPRegen  0.10/turn              (no ring)

@: no status effects
A: no striking features
a: no special abilities


You were on level 2 of the Dungeon.
You visited 1 branch of the dungeon, and saw 3 of its levels.

You collected 80 gold pieces.

Inventory:

Hand Weapons
 a - a +0 short sword (weapon)
 b - a +0 shortbow
Missiles
 d - 34 arrows
Armour
 c - a +0 leather armour (worn)
Scrolls
 e - 3 scrolls of identify {unknown}
 f - 2 scrolls of teleportation {unknown}
 g - 2 scrolls of immolation {unknown}
 h - 2 scrolls of blinking {unknown}
 i - a scroll of enchant armour {unknown}
 j - 2 scrolls of amnesia {unknown}
 k - 2 scrolls of remove curse {unknown}
 l - 2 scrolls of fog {unknown}


   Skills:
 - Level 0.7 Fighting
 + Level 0.8 Short Blades
 * Level 4.0 Bows
 - Level 2.4 Dodging
 - Level 1.5 Spellcasting
 * Level 5.0 Hexes


You had 2 spell levels left.
You knew the following spells:

 Your Spells              Type           Power        Failure   Level
a - Corona                Hex            20%          4%          1
b - Slow                  Hex            18%          6%          2

Your spell library contained the following spells:

 Spells                   Type           Power        Failure   Level
 Inner Flame              Hex/Fire       9%           32%         3
 Portal Projectile        Hex/Tloc       18%          32%         3
 Cause Fear               Hex            9%           36%         4
 Leda's Liquefaction      Hex/Erth       4%           73%         4


Dungeon Overview and Level Annotations

Branches:
Dungeon (3/15)

Altars:


Message History

You hit the orc but do no damage.
The orc is almost dead.
The orc priest mumbles some strange prayers to Beogh against you.
Beogh smites you!
Ouch! That really hurt!
* * * LOW HITPOINT WARNING * * *
The orc hits you but does no damage.
You hear a shout!
An orc comes into view. It is wielding a +0 dagger.
You see here a spear.
There is a stone staircase leading up here.
You climb upwards.
There is a stone staircase leading down here.
You closely miss the orc.
The orc is severely wounded.
The orc hits you but does no damage.
You hit the orc.
The orc is almost dead.
The orc hits you with a +0 hand axe.
You die...

#..........# #.
#.########<############# #. #.#
#.##..........# #. #.#
#.##.##...###.## #. ####.#
#.##.#.....#...#####. .)...#
###.##.................
.##########.......(....)...######
.##.........(..o...(....#.##
.##.#######.####@#.....##.# .##.#
#(# #.##....##.# .##.# #.#
#.###.#.##.###### .##.# #.# #.#
#...........# .##.##
#.####.####...#.####.# ..(..#
#...........#...# #.## ###..#
#####.#####...### #... .....# #>#
##.## #### ###..#
###.######.##########


You could see an orc.

Vanquished Creatures
  A worm (D:2)
  3 dart slugs
  A leopard gecko (D:1)
  2 giant cockroaches
  6 goblins
  4 jackals (D:2)
  3 kobolds
  A ball python (D:1)
  8 bats
  A frilled lizard (D:2)
  3 rats (D:1)
33 creatures vanquished.

Notes
Turn   | Place    | Note
-------+----------+-------------------------------------------
     0 | D:1      | phalm the Deep Elf Arcane Marksman began the quest for the
                  | Orb.
     0 | D:1      | Reached XP level 1. HP: 11/11 MP: 5/5
   211 | D:1      | Reached XP level 2. HP: 16/16 MP: 4/6
   555 | D:1      | Learned a level 2 spell: Slow
  1385 | D:2      | Reached XP level 3. HP: 20/20 MP: 5/7
  1896 | D:2      | Reached skill level 5 in Hexes
  2233 | D:2      | Slain by an orc

Illustrated notes

Levels and vault maps discovered:
D:1:      amcnicky_arrival_feature_with_door, layout_loops_ring,
          minmay_pentomino_z4
D:2:      layout_loops_ring
D:3:      layout_basic

Skill      XL: |  1  2  3 |
---------------+----------+-----
Bows           | 3 4 |  4.0
Hexes          | 5 |  5.0
Fighting       | |  0.7
Short Blades   | |  0.8
Dodging        | |  2.4
Spellcasting   | |  1.5

Action                   || total
-------------------------++-------
Melee: Dagger            ||    45
       Short sword       ||    34
       Unarmed           ||     7
 Fire: Shortbow          ||    78
 Cast: Corona            ||    19
Armor: Leather armour    ||    51
Dodge: Dodged            ||   105
